 Dungeon Crawl Stone Soup version 0.29.0-4-gdea44cf6ec (webtiles) character file.

Game seed: 4227061529528748183

4417 qw the Cleaver (level 10, -2/60 HPs)
             Began as a Tengu Warper on Aug 28, 2022.
             Was a Follower of Okawaru.
             Killed from afar by Maurice (21 damage)
             ... with an iceblast
             ... on level 8 of the Dungeon.
             The game lasted 00:01:06 (10233 turns).

qw the Cleaver (Tengu Warper)                      Turns: 10233, Time: 00:01:06

Health: -2/60      AC: 14    Str: 16    XL:     10   Next: 36%
Magic:  14/14      EV: 10    Int: 14    God:    Okawaru [*.....]
Gold:   0          SH:  5    Dex: 13    Spells: 13/13 levels left

rFire   . . .      SeeInvis .   Y - +4 war axe
rCold   . . .      Faith    .   a - +0 buckler
rNeg    . . .      Spirit   .   u - +0 plate armour
rPois   .          Reflect  .   (helmet restricted)
rElec   .          Harm     .   m - +0 cloak
rCorr   .          Rampage  .   i - +0 pair of gloves
Will    .....                   (boots unavailable)
Stlth   ..........              (no amulet)
HPRegen 0.20/turn               j - +4 ring of evasion
MPRegen 0.14/turn               (no ring)

@: flying quickly and evasively, quick
A: beak, talons 3, nimble flight
a: Renounce Religion, Heroism


You were on level 8 of the Dungeon.
You worshipped Okawaru.
Okawaru was aware of your devotion.
You visited 2 branches of the dungeon, and saw 9 of its levels.

You collected 112 gold pieces.
You spent 112 gold pieces at shops.


Innate Abilities, Weirdness & Mutations

You have a beak for a mouth.
You have claws for feet.
Your magical nature lets you fly swiftly and evasively.


   Skills:
 - Level 6.0 Fighting
 - Level 14.1 Axes
 - Level 3.5 Throwing
 + Level 5.0 Armour
 - Level 4.2 Dodging
 - Level 4.0 Shields
 - Level 2.0 Spellcasting
 - Level 2.4 Translocations
 + Level 3.2 Invocations


You had 13 spell levels left.
You didn't know any spells.
Your spell library contained the following spells:

 Spells                   Type           Power      Damage    Failure   Level
 Blink                    Tloc           16%        N/A       100%        2
 Gell's Gravitas          Tloc           8%         N/A       100%        3
 Lesser Beckoning         Tloc           8%         N/A       100%        3
 Teleport Other           Tloc           8%         N/A       100%        3
 Manifold Assault         Tloc           8%         N/A       100%        5

Inventory:

Hand Weapons
 e - a +0 morningstar
 Y - a +4 war axe (weapon)
Missiles
 f - 2 javelins
 h - 2 boomerangs
 q - a silver boomerang
 v - 2 silver javelins (quivered)
Armour
 a - a +0 buckler (worn)
 i - a +0 pair of gloves (worn)
 m - a +0 cloak (worn)
 u - a +0 plate armour (worn)
Jewellery
 b - a ring of poison resistance
 j - a +4 ring of evasion (left hand)
Scrolls
 g - 3 scrolls of identify
 n - a scroll of teleportation
Potions
 c - 8 potions of curing
 d - a potion of berserk rage {unknown}
 k - a potion of haste
 l - a potion of cancellation {unknown}
 o - a potion of mutation
 s - a potion of lignification {unknown}

Dungeon Overview and Level Annotations

Branches:
Dungeon (8/15)             Temple (1/1) D:7
   Lair: D:8-11

Altars:
Ashenzari
Cheibriados
Dithmenos
Elyvilon
Fedhas
Gozag
Hepliaklqana
Kikubaaqudgha
Makhleb
Okawaru
Qazlal
Ru
Sif Muna
Trog
Uskayaw
Vehumet
Wu Jian
Xom
Yredelemnul
Zin
The Shining One

Shops:
D:3 [

Portals:
Abyss: D:8

Annotations:
D:5 1 runed translucent door, Crazy Yiuf
D:8 2 transporters, Maurice; qw's ghost, novice TeWr


Message History

Something steals 2 of your 3 scrolls of teleportation!
You miss something.
You hear some strange, mumbled words.
You slash something! Your kick misses something. You peck something.
You miss something. Your kick misses something. Your peck misses something.
Something hits you.
Something steals 385 gold pieces!
You now have 0 gold pieces.
You miss something. Your kick misses something.
You hear some strange, mumbled words.
You swing at nothing.
You swing at nothing.
You swing at nothing.
You hear a zap.
An iceblast appears from out of thin air!
The mass of ice explodes!
The iceblast engulfs you!
You swing at nothing.
You swing at nothing.
You swing at nothing.
You hear a zap.
An iceblast appears from out of thin air!
The mass of ice explodes!
The iceblast engulfs you!
The iceblast engulfs something!
You hit something but do no damage. Your kick misses something.
You barely miss something. Your kick misses something.
You hear some strange, mumbled words.
You swing at nothing.
You swing at nothing.
You swing at nothing.
You hear a zap.
An iceblast appears from out of thin air!
The mass of ice explodes!
The iceblast engulfs you!
You swing at nothing.
You hear some strange, mumbled words.
You swing at nothing.
You swing at nothing.
You barely miss something. Your kick misses something.
You hear a zap.
An iceblast appears from out of thin air!
The mass of ice explodes!
The iceblast engulfs you!!
You die...

#.##......#..#.......#.....#
#.##......#.#####....#.#####
#.##......#..........)......
#.##.....>..########.#.#####
#.##.....##.# #.#.#
#.##.....##.# #.#.#
#.##.######.# #.#.# #.##.#
#ยค# #.#.# #.# #@# #.#.# #.#
#......{.# #.#.# #.#
#.####...... #.# #.##.#
.......+ #(# #.##.# ###....#
#.# #.##.# ....# #.# #.##.#
....# #.# #.##.# ....# #.#
#.##.# ####### #.#


There were no monsters in sight!

Vanquished Creatures
  Grinder (D:5)
  Prince Ribbit (D:5)
  A steam dragon (D:7)
  3 orc warriors (D:7)
  A sky beast (D:7)
  An ice beast (D:6)
  4 centaurs
  9 ogres
  A bullfrog (D:8)
  4 kobold brigands
  2 necrophages (D:5)
  A gnoll sergeant (D:5)
  2 scorpions (D:5)
  5 wights (D:7)
  6 killer bees (D:8)
  2 howler monkeys
  7 gnoll boudas
  3 hounds
  2 jellies (D:5)
  Jessica (D:3)
  5 iguanas
  2 orc wizards
  11 adders
  25 gnolls
  A shadow imp (D:6)
  A white imp (D:7)
  An ufetubus (D:5)
  2 worms
  4 dart slugs
  19 orcs
  4 ball pythons
  8 endoplasms
  2 giant cockroaches
  8 goblins
  5 hobgoblins
  3 jackals (D:1)
  5 quokkas
  6 bats
  5 frilled lizards
  16 kobolds
  8 rats
198 creatures vanquished.

Vanquished Creatures (others)
  6 fungi (D:7)
  5 plants (D:7)
11 creatures vanquished.

Grand Total: 209 creatures vanquished

Notes
Turn   | Place    | Note
-------+----------+-------------------------------------------
     0 | D:1      | qw the Tengu Warper began the quest for the Orb.
     0 | D:1      | Reached XP level 1. HP: 12/12 MP: 4/4
     0 | D:1      | 0 ||| qw: Version: 0.1-a-89-g26bdef1
     0 | D:1      | 0 ||| qw: Game counter: 837
     0 | D:1      | 0 ||| qw: Always use a shield: true
     0 | D:1      | 0 ||| qw: God list: Okawaru
     0 | D:1      | 0 ||| qw: Allow faded altars: false
     0 | D:1      | 0 ||| qw: Do Orc after D:15 true
     0 | D:1      | 0 ||| qw: Do second Lair branch before Depths: true
     0 | D:1      | 0 ||| qw: Lair rune preference: random
     0 | D:1      | 0 ||| qw: Plans: Normal
     0 | D:1      | 0 ||| PLANNING D:1-11
   248 | D:1      | Reached skill level 3 in Axes
   248 | D:1      | Reached XP level 2. HP: 17/17 MP: 6/6
   399 | D:1      | 399 ||| Stepping ~*~*~tactically~*~*~ (hiding).
   501 | D:1      | 501 ||| Stepping ~*~*~tactically~*~*~ (hiding).
   603 | D:1      | 603 ||| Stepping ~*~*~tactically~*~*~ (hiding).
   705 | D:1      | 705 ||| Stepping ~*~*~tactically~*~*~ (hiding).
   853 | D:1      | 853 ||| Stepping ~*~*~tactically~*~*~ (stealth).
   949 | D:1      | Reached XP level 3. HP: 21/21 MP: 7/7
  1196 | D:1      | 1196 ||| Stepping ~*~*~tactically~*~*~ (hiding).
  1229 | D:1      | 1229 ||| Stepping ~*~*~tactically~*~*~ (stealth).
  1230 | D:1      | 1230 ||| Stepping ~*~*~tactically~*~*~ (stealth).
  1283 | D:1      | Found a faded altar of an unknown god.
  1512 | D:1      | 1512 ||| UPGRADING to +0 pair of gloves.
  1517 | D:1      | 1517 ||| UPGRADING to +1 leather armour of fire resistance.
  1527 | D:1      | 1527 ||| DROPPING +0 leather armour.
  1528 | D:1      | 1528 ||| READING scroll labelled SAROGAC SINA.
  1529 | D:1      | 1529 ||| READING scroll labelled VIUCYCZ TEIPPU.
  1530 | D:1      | 1530 ||| READING 7 scrolls labelled EMAUKA DARY.
  1531 | D:1      | 1531 ||| READING 6 scrolls of identify.
  1531 | D:1      | 1531 ||| IDENTIFYING viscous puce potion
  1532 | D:1      | 1532 ||| READING 5 scrolls of identify.
  1532 | D:1      | 1532 ||| IDENTIFYING fizzy white potion
  1533 | D:1      | 1533 ||| DROPPING scroll of blinking.
  1534 | D:1      | 1534 ||| DROPPING potion of brilliance.
  1547 | D:2      | Reached skill level 4 in Axes
  1696 | D:2      | 1696 ||| Stepping ~*~*~tactically~*~*~ (stealth).
  1697 | D:2      | 1697 ||| Stepping ~*~*~tactically~*~*~ (stealth).
  1700 | D:2      | 1700 ||| Stepping ~*~*~tactically~*~*~ (stealth).
  1705 | D:2      | 1705 ||| Stepping ~*~*~tactically~*~*~ (stealth).
  1730 | D:2      | 1730 ||| Stepping ~*~*~tactically~*~*~ (stealth).
  2337 | D:2      | Reached XP level 4. HP: 14/26 MP: 8/8
  2865 | D:2      | 2865 ||| UPGRADING to +0 ring mail.
  2875 | D:2      | 2875 ||| READING scroll labelled YTEVAU OT GAPH.
  2876 | D:2      | 2876 ||| READING scroll labelled DEUSOF MUNOB.
  2877 | D:2      | 2877 ||| READING scroll labelled LOGOIC BUFEFI.
  3016 | D:2      | 3016 ||| READING 5 scrolls of identify.
  3016 | D:2      | 3016 ||| IDENTIFYING sedimented orange potion
  3080 | D:3      | 3080 ||| DROPPING +0 vorpal hand axe.
  3469 | D:3      | Noticed Jessica
  3470 | D:3      | 3470 ||| Stepping ~*~*~tactically~*~*~ (hiding).
  3476 | D:3      | Killed Jessica
  3477 | D:3      | Reached skill level 5 in Axes
  3621 | D:3      | Found a bloodstained altar of Trog.
  3621 | D:3      | Found an ornate altar of the Wu Jian Council.
  3621 | D:3      | Found a glowing golden altar of the Shining One.
  3741 | D:3      | Gained mutation: Your magical nature lets you fly swiftly
                  | and evasively. [Tengu growth]
  3741 | D:3      | Reached XP level 5. HP: 28/30 MP: 9/9
  3773 | D:3      | 3773 ||| UPGRADING to +0 chain mail.
  3806 | D:3      | 3806 ||| Stepping ~*~*~tactically~*~*~ (stealth).
  3807 | D:3      | 3807 ||| Stepping ~*~*~tactically~*~*~ (stealth).
  3808 | D:3      | 3808 ||| Stepping ~*~*~tactically~*~*~ (stealth).
  3809 | D:3      | 3809 ||| Stepping ~*~*~tactically~*~*~ (stealth).
  3863 | D:3      | 3863 ||| DROPPING +0 ring mail.
  3864 | D:3      | 3864 ||| DROPPING +1 leather armour of fire resistance.
  3881 | D:3      | Found Miyxkoci's Antique Armour Boutique.
  3893 | D:3      | 3893 ||| BUYING glowing scale mail (112 gold).
  3893 | D:3      | Bought a glowing scale mail for 112 gold pieces
  3893 | D:3      | 3893 ||| SHOPLISTING plate armour (368 gold, have 15).
  3893 | D:3      | 3893 ||| UPGRADING to +3 scale mail of poison resistance.
  4128 | D:3      | 4128 ||| READING scroll labelled XUOMAW GAIF.
  4133 | D:3      | 4133 ||| READING 2 scrolls labelled BIUNYI MUXT.
  4134 | D:3      | 4134 ||| READING 4 scrolls of identify.
  4134 | D:3      | 4134 ||| IDENTIFYING golden potion
  4135 | D:3      | 4135 ||| DRINKING potion of experience.
  4135 | D:3      | Reached skill level 14 in Axes
  4135 | D:3      | Reached XP level 6. HP: 35/35 MP: 10/10
  4136 | D:3      | 4136 ||| DROPPING scroll of vulnerability.
  4179 | D:4      | 4179 ||| Stepping ~*~*~tactically~*~*~ (stealth).
  4186 | D:4      | 4186 ||| Stepping ~*~*~tactically~*~*~ (stealth).
  4239 | D:4      | 4239 ||| Stepping ~*~*~tactically~*~*~ (stealth).
  4242 | D:4      | 4242 ||| Stepping ~*~*~tactically~*~*~ (stealth).
  4254 | D:4      | Reached skill level 3 in Fighting
  4264 | D:4      | Reached XP level 7. HP: 33/41 MP: 11/11
  4265 | D:4      | 4265 ||| FLEEEEING.
  4273 | D:4      | 4273 ||| FLEEEEING.
  4275 | D:4      | 4275 ||| FLEEEEING.
  4276 | D:4      | 4276 ||| FLEEEEING.
  4277 | D:4      | 4277 ||| FLEEEEING.
  4278 | D:4      | 4278 ||| FLEEEEING.
  4279 | D:4      | 4279 ||| FLEEEEING.
  4280 | D:4      | 4280 ||| FLEEEEING.
  4281 | D:4      | 4281 ||| FLEEEEING.
  4282 | D:4      | 4282 ||| FLEEEEING.
  4285 | D:4      | 4285 ||| FLEEEEING.
  4286 | D:4      | 4286 ||| FLEEEEING.
  4287 | D:4      | 4287 ||| FLEEEEING.
  4289 | D:4      | 4289 ||| FLEEEEING.
  4290 | D:4      | 4290 ||| FLEEEEING.
  4291 | D:4      | 4291 ||| FLEEEEING.
  4292 | D:4      | 4292 ||| FLEEEEING.
  4293 | D:4      | 4293 ||| FLEEEEING.
  4294 | D:4      | 4294 ||| FLEEEEING.
  4295 | D:4      | 4295 ||| FLEEEEING.
  4359 | D:4      | 4359 ||| Stepping ~*~*~tactically~*~*~ (hiding).
  4489 | D:4      | HP: 7/41 [gnoll/+0 halberd[a gnoll bouda] (11)]
  4490 | D:4      | HP: 2/41 [gnoll/+0 halberd[a gnoll bouda] (2)]
  4497 | D:4      | 4497 ||| FLEEEEING.
  4498 | D:4      | 4498 ||| FLEEEEING.
  4499 | D:4      | 4499 ||| FLEEEEING.
  4500 | D:4      | 4500 ||| FLEEEEING.
  4501 | D:4      | 4501 ||| FLEEEEING.
  4502 | D:4      | 4502 ||| FLEEEEING.
  4503 | D:4      | 4503 ||| FLEEEEING.
  4504 | D:4      | 4504 ||| FLEEEEING.
  4505 | D:4      | 4505 ||| FLEEEEING.
  4507 | D:4      | 4507 ||| FLEEEEING.
  4508 | D:4      | 4508 ||| FLEEEEING.
  4509 | D:4      | 4509 ||| FLEEEEING.
  4510 | D:4      | 4510 ||| FLEEEEING.
  4511 | D:4      | 4511 ||| STAIRDANCE
  4794 | D:3      | 4794 ||| READING 3 scrolls of identify.
  4794 | D:3      | 4794 ||| IDENTIFYING clear potion
  4828 | D:4      | 4828 ||| Stepping ~*~*~tactically~*~*~ (stealth).
  4829 | D:4      | 4829 ||| Stepping ~*~*~tactically~*~*~ (stealth).
  4831 | D:4      | 4831 ||| Stepping ~*~*~tactically~*~*~ (stealth).
  4839 | D:4      | 4839 ||| DROPPING +0 whip.
  4844 | D:4      | 4844 ||| Stepping ~*~*~tactically~*~*~ (stealth).
  4892 | D:4      | 4892 ||| Stepping ~*~*~tactically~*~*~ (stealth).
  4893 | D:4      | 4893 ||| Stepping ~*~*~tactically~*~*~ (stealth).
  4895 | D:4      | 4895 ||| Stepping ~*~*~tactically~*~*~ (hiding).
  4937 | D:4      | 4937 ||| Stepping ~*~*~tactically~*~*~ (stealth).
  5147 | D:4      | 5147 ||| READING scroll labelled ROUCAEMEIRA.
  5174 | D:5      | Entered Level 5 of the Dungeon
  5237 | D:5      | 5237 ||| DROPPING +0 flail.
  5279 | D:5      | 5279 ||| Stepping ~*~*~tactically~*~*~ (stealth).
  5281 | D:5      | 5281 ||| Stepping ~*~*~tactically~*~*~ (hiding).
  5283 | D:5      | 5283 ||| Stepping ~*~*~tactically~*~*~ (hiding).
  5446 | D:5      | Noticed Grinder
  5461 | D:5      | Killed Grinder
  5462 | D:5      | Reached XP level 8. HP: 35/48 MP: 12/12
  5522 | D:5      | 5522 ||| Stepping ~*~*~tactically~*~*~ (stealth).
  5575 | D:5      | Noticed Prince Ribbit
  5604 | D:5      | Killed Prince Ribbit
  5605 | D:5      | Reached skill level 3 in Dodging
  5860 | D:5      | 5860 ||| SWAPPING to +0 war axe.
  5861 | D:5      | 5861 ||| DROPPING +1 hand axe.
  5875 | D:5      | 5875 ||| DRINKING 2 bubbling emerald potions.
  5876 | D:5      | 5876 ||| DROPPING potion of flight.
  5879 | D:5      | 5879 ||| Stepping randomly (stuck).
  5880 | D:5      | 5880 ||| Stepping ~*~*~tactically~*~*~ (stealth).
  5894 | D:5      | Reached skill level 3 in Armour
  5901 | D:5      | 5901 ||| Stepping ~*~*~tactically~*~*~ (hiding).
  5904 | D:5      | 5904 ||| Stepping ~*~*~tactically~*~*~ (hiding).
  5908 | D:5      | Reached XP level 9. HP: 22/54 MP: 13/13
  5911 | D:5      | HP: 12/54 [gnoll sergeant/+2 vorpal spear (4)]
  5912 | D:5      | 5912 ||| DRINKING potion of heal wounds.
  5918 | D:5      | HP: 10/54 [gnoll sergeant/+2 vorpal spear (4)]
  5920 | D:5      | HP: 3/54 [gnoll sergeant/+2 vorpal spear (2)]
  6347 | D:5      | Found a runed translucent door.
  6348 | D:5      | Noticed Crazy Yiuf
  6463 | D:5      | 6463 ||| UPGRADING to +0 buckler.
  6468 | D:5      | 6468 ||| UPGRADING to +4 ring of evasion.
  6626 | D:6      | 6626 ||| Stepping ~*~*~tactically~*~*~ (stealth).
  6629 | D:6      | 6629 ||| Stepping ~*~*~tactically~*~*~ (stealth).
  6636 | D:6      | 6636 ||| Stepping ~*~*~tactically~*~*~ (stealth).
  6637 | D:6      | 6637 ||| Stepping ~*~*~tactically~*~*~ (stealth).
  6657 | D:6      | Reached skill level 1 in Shields
  6701 | D:6      | 6701 ||| Stepping ~*~*~tactically~*~*~ (stealth).
  6702 | D:6      | 6702 ||| Stepping ~*~*~tactically~*~*~ (stealth).
  6704 | D:6      | 6704 ||| Stepping ~*~*~tactically~*~*~ (stealth).
  6705 | D:6      | 6705 ||| Stepping ~*~*~tactically~*~*~ (stealth).
  6789 | D:6      | Found an ancient bone altar of Kikubaaqudgha.
  6792 | D:6      | Found a stormy altar of Qazlal.
  6956 | D:6      | 6956 ||| Stepping ~*~*~tactically~*~*~ (hiding).
  6981 | D:6      | 6981 ||| Stepping ~*~*~tactically~*~*~ (stealth).
  7080 | D:6      | 7080 ||| Stepping ~*~*~tactically~*~*~ (stealth).
  7125 | D:6      | 7125 ||| Stepping ~*~*~tactically~*~*~ (hiding).
  7163 | D:6      | 7163 ||| Stepping ~*~*~tactically~*~*~ (hiding).
  7171 | D:6      | 7171 ||| Stepping ~*~*~tactically~*~*~ (hiding).
  7288 | D:6      | 7288 ||| Stepping ~*~*~tactically~*~*~ (stealth).
  7346 | D:6      | 7346 ||| UPGRADING to +0 cloak.
  7351 | D:6      | 7351 ||| READING 3 scrolls of identify.
  7351 | D:6      | 7351 ||| IDENTIFYING green potion
  7497 | D:7      | 7497 ||| FLEEEEING.
  7498 | D:7      | 7498 ||| FLEEEEING.
  7499 | D:7      | 7499 ||| FLEEEEING.
  7500 | D:7      | 7500 ||| FLEEEEING.
  7501 | D:7      | 7501 ||| STAIRDANCE
  7655 | D:7      | Reached skill level 3 in Shields
  7763 | D:7      | Found a staircase to the Ecumenical Temple.
  7764 | D:7      | 7764 ||| PLANNING TEMPLE
  7771 | D:7      | 7771 ||| READING 2 scrolls of identify.
  7771 | D:7      | 7771 ||| IDENTIFYING yellow potion
  7772 | D:7      | 7772 ||| DROPPING potion of attraction.
  7780 | Temple   | Entered the Ecumenical Temple
  7791 | Temple   | Became a worshipper of Warmaster Okawaru
  7869 | Temple   | 7869 ||| PLANNING D:1-11
  7889 | D:7      | 7889 ||| SWAPPING to +4 war axe.
  7890 | D:7      | 7890 ||| DROPPING +0 war axe.
  7906 | D:7      | 7906 ||| Stepping ~*~*~tactically~*~*~ (hiding).
  7916 | D:7      | Reached skill level 3 in Throwing
  8090 | D:7      | 8090 ||| Stepping ~*~*~tactically~*~*~ (stealth).
  8092 | D:7      | 8092 ||| Stepping ~*~*~tactically~*~*~ (stealth).
  8237 | D:7      | 8237 ||| Stepping ~*~*~tactically~*~*~ (hiding).
  8250 | D:7      | Reached skill level 6 in Fighting
  8280 | D:7      | 8280 ||| Stepping ~*~*~tactically~*~*~ (stealth).
  8294 | D:7      | Reached * piety under Okawaru
  8295 | D:7      | 8295 ||| INVOKING Heroism.
  8524 | D:7      | 8524 ||| INVOKING Heroism.
  8525 | D:7      | 8525 ||| INVOKING Heroism.
  8536 | D:7      | Reached XP level 10. HP: 60/60 MP: 12/14
  8551 | D:7      | 8551 ||| Stepping ~*~*~tactically~*~*~ (stealth).
  8552 | D:7      | 8552 ||| Stepping ~*~*~tactically~*~*~ (stealth).
  8553 | D:7      | 8553 ||| Stepping ~*~*~tactically~*~*~ (stealth).
  8753 | D:7      | 8753 ||| INVOKING Heroism.
  8757 | D:7      | Reached skill level 1 in Invocations
  9155 | D:7      | 9155 ||| DROPPING +0 chain mail.
  9156 | D:7      | 9156 ||| UPGRADING to +0 plate armour.
  9166 | D:7      | 9166 ||| DROPPING +3 scale mail of poison resistance.
  9167 | D:7      | 9167 ||| READING scroll labelled TAOCUS XIOZIERPH.
  9265 | D:8      | 9265 ||| Stepping ~*~*~tactically~*~*~ (stealth).
  9268 | D:8      | 9268 ||| INVOKING Heroism.
  9350 | D:8      | 9350 ||| Stepping ~*~*~tactically~*~*~ (stealth).
  9352 | D:8      | 9352 ||| Stepping ~*~*~tactically~*~*~ (stealth).
  9359 | D:8      | 9359 ||| Stepping ~*~*~tactically~*~*~ (stealth).
  9374 | D:8      | 9374 ||| Stepping ~*~*~tactically~*~*~ (stealth).
  9376 | D:8      | 9376 ||| Stepping ~*~*~tactically~*~*~ (stealth).
  9379 | D:8      | 9379 ||| INVOKING Heroism.
  9500 | D:8      | Found a transporter.
  9503 | D:8      | Noticed a toenail golem
  9517 | D:8      | 9517 ||| Stepping ~*~*~tactically~*~*~ (stealth).
  9579 | D:8      | 9579 ||| INVOKING Heroism.
  9582 | D:8      | Reached skill level 3 in Invocations
  9842 | D:8      | Found a transporter.
  9895 | D:8      | 9895 ||| Stepping ~*~*~tactically~*~*~ (hiding).
 10029 | D:8      | Found a one-way gate to the infinite horrors of the Abyss.
 10029 | D:8      | Noticed qw's ghost (novice TeWr)
 10029 | D:8      | Noticed a toenail golem
 10197 | D:8      | Noticed Maurice
 10198 | D:8      | 10198 ||| Stepping ~*~*~tactically~*~*~ (hiding).
 10233 | D:8      | Killed from afar by Maurice

Levels and vault maps discovered:
D:1:      matt_arrival_spirals, layout_basic,
          shapermc_ecumenical_altar_mp_vishouse, minmay_distorted
D:2:      layout_basic, nicolae_underground_beach
D:3:      layout_loops_corners, gammafunk_temple_overflow_claw, serial_shops,
          nicolae_shop_overgrown_old_shop, minmay_surrounded, uniq_jessica
D:4:      layout_cave_pools
D:5:      minmay_clustersquares, layout_cave_pools, uniq_grinder,
          uniq_crazy_yiuf_cottage, uniq_prince_ribbit1
D:6:      layout_loops_ring, minitemple
D:7:      kennysheep_seaside_town, layout_rooms, minmay_temple_entry_mist
D:8:      layout_basic, gammafunk_ghost_abyssal_escape, uniq_maurice
Temple:   nicolae_temple_superstar

Skill      XL: |  1  2  3  4  5  6  7  8  9 10 |
---------------+-------------------------------+-----
Axes           | 3 4 5 14 | 14.1
Fighting       | 3 4 5 6 |  6.0
Armour         | 2 3 4 5 |  5.0
Throwing       | 2 3 |  3.5
Dodging        | 3 4 |  4.2
Shields        | 3 4 |  4.0
Invocations    | 3 |  3.2
Spellcasting   | |  2.0
Translocations | |  2.4

Action                   |  1- 3 |  4- 6 |  7- 9 | 10-12 || total
-------------------------+-------+-------+-------+-------++-------
Melee: Hand axe          |    85 |    75 |   127 |       ||   287
       Kick              |    18 |    17 |   107 |    21 ||   163
       Peck              |    13 |    10 |    60 |     9 ||    92
       Punch             |     1 |     1 |       |       ||     2
       War axe           |       |       |   214 |    82 ||   296
Throw: Boomerang         |     7 |       |    14 |       ||    21
       Javelin           |       |    11 |    54 |     5 ||    70
Invok: Heroism           |       |       |     2 |     4 ||     6
  Use: Scroll            |     5 |     7 |     4 |     1 ||    17
       Potion            |       |     1 |     2 |       ||     3
Armor: Leather armour    |    31 |     1 |       |       ||    32
       Ring mail         |       |     7 |       |       ||     7
       Scale mail        |       |     3 |    73 |     2 ||    78
       Chain mail        |       |     1 |       |       ||     1
       Plate armour      |       |       |       |    16 ||    16
Dodge: Dodged            |    45 |    35 |   182 |    24 ||   286
Block: Buckler           |       |       |    38 |    18 ||    56

Table legend:
 A = Non-vault XP
 B = Vault XP
 C = Vault XP percentage of total XP
 D = Non-vault monster count
 E = Vault monster count
 F = Vault count percentage of total count
                 A         B        C        D         E       F
            +---------+---------+-------+---------+---------+-------
      Total |    3469 |    2663 |  43.4 |     155 |      43 |  21.7
            +---------+---------+-------+---------+---------+-------
        D:1 |      42 |       1 |   2.3 |      22 |       1 |   4.3
        D:2 |      52 |       0 |   0.0 |      17 |       0 |   0.0
        D:3 |      37 |      59 |  61.5 |      15 |       6 |  28.6
        D:4 |     405 |       0 |   0.0 |      27 |       0 |   0.0
        D:5 |     573 |    1130 |  66.4 |      13 |      14 |  51.9
        D:6 |     491 |       0 |   0.0 |      19 |       0 |   0.0
        D:7 |    1077 |    1473 |  57.8 |      26 |      22 |  45.8
        D:8 |     792 |       0 |   0.0 |      16 |       0 |   0.0
            +---------+---------+-------+---------+---------+-------
